Map: Ley Lines

Players

猫咪

  • Race: Terran Terran
  • League: Grandmaster
  • Spawn Location: 7:00

A.I.(困難) - Winner!

  • Race: Terran Terran
  • Spawn Location: 1:00

VOD

Have the link to the VOD?

Description

Time

  • Played on: Feb. 12, 2025, 12:33 a.m.
  • Length: 9:25
Show
View Real Time Build Order
Export as new Build Order

猫咪 Terran 

Build Orders:  

Get SALT Encoding   

  12  0:00  SCV  
  13  0:12  SCV  
  14  0:18  Supply Depot  
  14  0:25  SCV  
  15  0:40  SCV  
  15  0:41  Barracks  
  16  0:45  Refinery  
  16  0:52  SCV  
  16  0:54  Refinery  
  17  1:04  SCV  
  18  1:16  SCV  
  19  1:28  Orbital Command, Reaper  
  20  1:33  Supply Depot  
  20  1:42  Factory  
  20  1:56  SCV  
  20  2:00  Reaper  
  22  2:08  SCV  
  23  2:20  SCV, Command Center  
  24  2:28  Hellion  
  26  2:32  SCV  
  26  2:33  Reaper  
  28  2:39  Supply Depot  
  28  2:44  SCV  
  28  2:50  Hellion  
  31  2:55  Starport  
  31  3:00  SCV  
  32  3:06  Barracks Reactor  
  32  3:11  Factory Tech Lab  
  33  3:12  SCV  
  33  3:21  Refinery  
  33  3:24  SCV  
  34  3:31  Cyclone, Starport Tech Lab  
  34  3:32  Orbital Command  
  37  3:38  SCV  
  38  3:44  Marine x2  
  40  3:52  SCV  
  40  3:54  Raven  
  40  3:58  SCV  
  40  4:01  Marine  
  40  4:02  Marine  
  43  4:03  Supply Depot  
  43  4:04  SCV  
  43  4:05  Siege Tank  
  47  4:10  SCV  
  47  4:12  Interference Matrix  
  48  4:17  SCV  
  48  4:19  Marine x2  
  48  4:22  Supply Depot, SCV  
  52  4:29  SCV  
  52  4:30  Raven  
  55  4:35  SCV  
  55  4:37  Marine x2  
  58  4:41  SCV  
  58  4:45  Siege Tank  
  62  4:47  SCV  
  63  4:53  Supply Depot, SCV  
  63  4:55  Marine x2  
  66  5:00  Command Center  
  66  5:02  SCV  
  66  5:06  Raven  
  69  5:07  SCV  
  69  5:13  Supply Depot  
  70  5:15  SCV  
  70  5:16  Marine  
  70  5:19  SCV  
  73  5:22  Siege Tank  
  73  5:26  Marine  
  73  5:27  SCV  
  78  5:35  SCV  
  80  5:39  SCV  
  80  5:41  Supply Depot  
  81  5:46  Starport Reactor  
  81  5:48  SCV  
  81  5:50  Barracks  
  81  5:51  Barracks  
  81  5:52  SCV  
  81  5:54  Refinery  
  81  5:56  Engineering Bay, Siege Tank  
  85  5:58  Engineering Bay  
  85  6:01  Stimpack  
  85  6:02  SCV  
  86  6:07  Marine, SCV  
  88  6:11  Orbital Command  
  88  6:17  SCV  
  89  6:19  SCV  
  89  6:24  Barracks  
  89  6:25  Marine, Terran Infantry Weapons Level 1  
  90  6:27  Barracks, Terran Infantry Armor Level 1  
  90  6:31  SCV  
  90  6:32  SCV  
  93  6:33  Starport Reactor  
  93  6:34  Siege Tank  
  96  6:41  SCV  
  96  6:43  Marine, SCV  
  96  6:44  Marine x3  
  96  6:45  Marine  
  103  6:48  SCV  
  103  6:50  Supply Depot  
  103  6:53  Supply Depot, SCV  
  105  6:55  SCV  
  105  7:00  Supply Depot  
  105  7:01  SCV, Marine  
  107  7:02  Marine  
  109  7:11  SCV x2, Marine x2, Siege Tank  
  109  7:12  Sensor Tower  
  116  7:16  Marine  
  116  7:18  Barracks Reactor x2  
  116  7:20  SCV  
  116  7:22  Missile Turret, Marine x2  
  120  7:23  SCV  
  120  7:24  Medivac  
  120  7:26  Medivac  
  120  7:29  Marine  
  126  7:30  Missile Turret  
  126  7:31  Marine  
  126  7:32  Missile Turret  
  126  7:35  Missile Turret  
  126  7:37  Missile Turret  
  127  7:41  Combat Shield  
  127  7:45  Marine x2  
  127  7:46  Missile Turret x2, Siege Tank  
  127  7:47  SCV  
  133  7:54  Supply Depot x3  
  133  8:03  Supply Depot  
  133  8:04  Supply Depot  
  133  8:13  Armory  
  133  8:15  SCV, Marine x9  
  143  8:22  Command Center, Refinery x2  
  143  8:23  Medivac, Siege Tank  
  143  8:25  Medivac  
  150  8:33  Marine x4  
  154  8:34  Marine  
  154  8:35  Marine  
  154  8:37  Marine x2  
  154  8:39  SCV  
  154  8:41  SCV  
  160  8:45  Marine  
  161  8:51  Marine  
  145  9:04  Marine x3  
  145  9:05  Marine x5  
  161  9:15  Factory  
Show
View Real Time Build Order
Export as new Build Order

A.I.(困難) Terran - Winner!

Build Orders: 2 Factory 

Get SALT Encoding   

  12  0:00  SCV  
  13  0:13  SCV  
  14  0:18  Supply Depot  
  14  0:25  SCV  
  15  0:40  SCV  
  16  0:43  Barracks  
  16  0:52  SCV  
  17  1:04  SCV  
  18  1:16  Command Center  
  18  1:31  Orbital Command  
  18  1:32  Marine  
  19  1:36  Supply Depot  
  19  1:45  Refinery  
  19  1:50  Marine  
  20  1:57  SCV  
  20  2:00  Barracks  
  21  2:07  Refinery  
  21  2:08  Marine  
  22  2:09  SCV  
  23  2:21  SCV  
  24  2:27  Supply Depot, Barracks Tech Lab  
  24  2:36  SCV  
  25  2:45  Marauder  
  25  2:47  Marine  
  25  2:49  SCV  
  29  2:56  SCV  
  30  3:01  SCV  
  30  3:05  Marine  
  32  3:08  SCV  
  32  3:12  Marauder  
  35  3:16  Factory  
  35  3:23  Factory, Marine  
  36  3:32  Refinery  
  36  3:38  SCV  
  36  3:42  Barracks Tech Lab  
  36  3:55  Refinery  
  36  4:05  Factory Tech Lab, Starport  
  36  4:08  Hellion  
  36  4:09  Starport  
  38  4:17  SCV  
  39  4:18  SCV  
  39  4:20  Reaper  
  41  4:29  SCV  
  41  4:30  SCV  
  41  4:31  Factory Tech Lab  
  43  4:36  Siege Tank  
  46  4:41  SCV  
  46  4:42  SCV, Starport Tech Lab  
  46  4:45  Supply Depot  
  48  4:46  Starport Tech Lab  
  48  4:50  Stimpack  
  48  4:53  SCV  
  48  4:54  SCV  
  48  4:59  Combat Shield  
  50  5:05  SCV  
  50  5:06  SCV  
  52  5:08  Engineering Bay  
  52  5:17  SCV  
  52  5:18  SCV  
  54  5:25  Marine  
  55  5:29  SCV  
  55  5:34  Terran Infantry Armor Level 1, Supply Depot, SCV  
  57  5:37  Marine  
  57  5:41  SCV  
  59  5:46  SCV  
  59  5:49  Marine  
  61  5:55  SCV  
  62  5:59  Supply Depot  
  62  6:00  SCV  
  62  6:01  Marine  
  64  6:14  Marauder  
  64  6:18  Concussive Shells  
  66  6:20  SCV  
  66  6:22  Supply Depot, SCV  
  68  6:26  Marauder  
  70  6:36  Missile Turret  
  70  6:38  Marauder  
  70  6:39  Missile Turret  
  72  6:42  Missile Turret  
  72  6:43  SCV  
  72  6:44  Raven  
  72  6:45  SCV  
  72  6:46  Supply Depot  
  76  6:50  Reaper  
  76  6:52  Missile Turret  
  77  6:56  SCV  
  77  7:00  Sensor Tower  
  78  7:01  Bunker  
  78  7:02  Hellion  
  78  7:05  Armory  
  78  7:08  Raven, SCV  
  83  7:09  SCV  
  83  7:10  Supply Depot  
  83  7:14  Bunker, Siege Tank  
  87  7:21  Barracks  
  87  7:26  Siege Tank  
  87  7:28  Terran Infantry Weapons Level 1  
  90  8:08  Barracks Reactor  
  90  8:56  Hellion  
Tags
 
Matchup
TvT
Opening
2 Factory
Race
Terran
Spawn Locations
Cross Positions
Add a new tag
Caveats
  • Supply blocks, unpowered buildings, or Contaminate may cause inaccurate times.
  • Supply counts are checked every 10 seconds.